 Dungeon Crawl Stone Soup version 0.20.0-15-g7f486f2 (webtiles) character file.

93 vishdafish the Shield-Bearer (level 4, 0/36 HPs)
             Began as a Formicid Fighter on June 29, 2017.
             Succumbed to an adder's poison
             ... in a sewer.
             The game lasted 00:03:13 (1627 turns).

vishdafish the Shield-Bearer (Formicid Fighter)     Turns: 1627, Time: 00:03:14

Health: 0/36       AC:  7    Str: 21    XL:     4   Next: 92%
Magic:  4/4        EV:  8    Int: 13    God:
Gold:   66         SH:  9    Dex: 10    Spells: 3/3 levels left

rFire    . . .     SeeInvis +   a - +0 war axe
rCold    . . .     Gourm    .   c - +0 shield
rNeg     . . .     Faith    .   b - +0 scale mail
rPois    .         Spirit   .   (helmet unavailable)
rElec    .         Reflect  .   (no cloak)
rCorr    .         Harm     .   (no gloves)
MR       .....                  (no boots)
Stlth    ..........             (no amulet)
Regen    0.2/turn               (no ring)
MPRegen  0.1/turn               (no ring)

@: brilliant, lethally poisoned (0 -> -11)
A: permanent stasis, dig shafts and tunnels, four strong arms, antennae 3
a: Dig, Shaft Self


You were in a sewer.
You were not hungry.

You visited 1 branch of the dungeon, and saw 3 of its levels.
You also visited: Sewer.

You collected 66 gold pieces.

Inventory:

Hand Weapons
 a - a +0 war axe (weapon)
Armour
 b - a +0 scale mail (worn)
 c - a +0 shield (worn)
Scrolls
 e - a scroll of remove curse {unknown}
 g - 2 scrolls of amnesia {unknown}
 h - 3 scrolls of identify {unknown}
 i - a scroll of blinking {unknown}
 l - 3 scrolls of teleportation {unknown}
 m - 2 scrolls of immolation {unknown}
 p - a scroll of fear {unknown}
 q - a scroll of magic mapping {unknown}
Potions
 d - 2 potions of might
 j - a potion of haste
 n - a potion of heal wounds {unknown}
Comestibles
 f - 3 bread rations
 k - 3 royal jellies


   Skills:
 + Level 3.6 Fighting
 + Level 3.0 Axes
 + Level 3.8 Armour
 + Level 0.5 Dodging
 + Level 4.7 Shields


You had 3 spell levels left.
You didn't know any spells.

Dungeon Overview and Level Annotations

Branches:
Dungeon (3/15)

Altars:

Annotations:
Sewer Purgy


Innate Abilities, Weirdness & Mutations

You cannot be hasted, slowed, berserked, paralysed or teleported.
You can dig through walls and to a lower floor.
Your four strong arms can wield two-handed weapons with a shield.
You have a pair of large antennae on your head. (SInv)


Message History

The adder bites you but does no damage.
You enter the shallow water.
Moving in this stuff is going to be slow.
You feel sick. You block the adder's attack. The adder bites you.
* * * LOW HITPOINT WARNING * * *
You are lethally poisoned!
The adder poisons you!
* * * LOW HITPOINT WARNING * * *
You feel sick. The adder bites you but does no damage.
It was a potion of haste.
Your stasis prevents you from being hasted.
The adder bites you.
* * * LOW HITPOINT WARNING * * *
You are more poisoned.
The adder poisons you!
* * * LOW HITPOINT WARNING * * *
You feel sick. The adder bites you but does no damage.
It was a potion of brilliance.
You feel clever all of a sudden.
You die...

#≈≈≈≈≈≈≈≈≈≈≈≈.≈########.≈≈≈≈≈≈
#≈≈≈≈≈≈≈≈≈≈≈≈.## #.≈.≈≈≈≈
≈≈≈≈≈≈≈≈≈.≈.### ##.#.≈≈≈
≈≈≈≈≈≈≈≈≈#### ####≈≈≈
≈≈≈≈≈≈≈≈≈## ##≈≈ ≈≈≈≈≈≈≈≈.#
###≈≈ #≈≈≈≈≈≈≈≈# ##### #.≈≈≈
#≈≈≈≈≈≈≈.#######...# ###≈≈≈
#≈≈≈≈≈≈≈≈≈≈.TS@≈≈∩.# #.†≈≈≈
#≈≈≈≈≈≈≈≈#######...# #∩≈≈≈≈
≈≈≈≈≈≈≈≈≈.# ##### #∩≈≈≈≈
≈≈≈≈≈≈≈≈### ##≈≈≈≈ ≈≈≈≈≈≈≈≈##
#.≈≈≈ ≈≈≈≈≈≈≈≈.# #≈≈≈≈
≈≈≈≈≈≈≈≈≈≈# .≈≈≈≈ #≈≈≈≈≈≈≈≈≈.#
≈≈≈≈≈ ≈≈≈≈≈≈≈≈≈≈..≈ ≈≈≈≈


You could see Purgy and an adder.

Vanquished Creatures
  Ijyb (D:3)
  An adder (D:2)
  A river rat (D:3)
  A worm (D:3)
  2 dart slugs (D:1)
  A leopard gecko (D:2)
  8 bats
  A giant cockroach (D:1)
  2 goblins
  6 hobgoblins
  4 jackals (D:2)
  7 frilled lizards
  7 kobolds
  4 rats
46 creatures vanquished.

Notes
Turn   | Place    | Note
-------+----------+-------------------------------------------
     0 | D:1      | vishdafish the Formicid Fighter began the quest for the Orb.
     0 | D:1      | Reached XP level 1. HP: 18/18 MP: 1/1
   170 | D:1      | Reached skill level 4 in Shields
   170 | D:1      | Reached XP level 2. HP: 19/24 MP: 2/2
   562 | D:1      | Reached XP level 3. HP: 27/29 MP: 3/3
   686 | D:2      | Found a faded altar of an unknown god.
   982 | D:2      | Reached XP level 4. HP: 31/35 MP: 4/4
  1361 | D:3      | Noticed Ijyb
  1383 | D:3      | Killed Ijyb
  1444 | D:3      | Found a glowing drain.
  1523 | Sewer    | Entered a sewer
  1608 | Sewer    | Noticed Purgy
  1626 | Sewer    | HP: 1/36 [poisoned by an adder]
  1627 | Sewer    | Succumbed to an adder's poison

Skill      XL: |  1  2  3  4 |
---------------+-------------+-----
Shields        | 4 |  4.7
Axes           | 3 |  3.0
Fighting       | |  3.6
Armour         | |  3.8
Dodging        | |  0.5

Action                   |  1- 3 |  4- 6 || total
-------------------------+-------+-------++-------
Melee: War axe           |    98 |    52 ||   150
  Use: Potion            |       |     2 ||     2
  Eat: Meat ration       |       |     1 ||     1
       Chunk             |       |     1 ||     1
Armor: Scale mail        |    49 |    28 ||    77
       Skin              |       |     4 ||     4
Dodge: Dodged            |    65 |    21 ||    86
Block: Shield            |    69 |    30 ||    99
